 Dungeon Crawl Stone Soup version 0.23.1-37-gaa34b87 (webtiles) character file.

Game seed: 4799805448272403854

557 dhn the Chopper (level 7, -1/61 HPs)
             Began as a Minotaur Fighter on Mar 27, 2019.
             Slain by an ogre
             ... wielding a +0 giant club
              (20 damage)
             ... on level 5 of the Dungeon.
             The game lasted 00:03:49 (2877 turns).

dhn the Chopper (Minotaur Fighter)                  Turns: 2877, Time: 00:03:50

Health: -1/61      AC:  8    Str: 24    XL:     7   Next: 9%
Magic:  6/6        EV:  8    Int:  6    God:
Gold:   226        SH: 10    Dex: 11    Spells: 6/6 levels left

rFire    . . .     SeeInvis .   a - +0 war axe
rCold    . . .     Gourm    .   c - +0 shield
rNeg     . . .     Faith    .   b - +0 scale mail
rPois    .         Spirit   .   (helmet restricted)
rElec    .         Reflect  .   w - scarf {repulsion}
rCorr    .         Harm     .   e - +0 pair of gloves
MR       .....                  (no boots)
Stlth    ..........             (no amulet)
HPRegen  0.20/turn              o - +4 ring of strength
MPRegen  0.10/turn              (no ring)

@: lethally poisoned (-1 -> -3), repel missiles
A: retaliatory headbutt, horns 2
a: no special abilities


You were on level 5 of the Dungeon.
You were hungry.

You visited 1 branch of the dungeon, and saw 5 of its levels.

You collected 268 gold pieces.
You spent 42 gold pieces at shops.

Inventory:

Hand Weapons
 a - a +0 war axe (weapon)
Armour
 b - a +0 scale mail (worn)
 c - a +0 shield (worn)
 e - a +0 pair of gloves (worn)
 w - a scarf of repulsion (worn)
Jewellery
 o - a +4 ring of strength (left hand)
 y - an uncursed ring of fire {unknown}
Scrolls
 h - 6 scrolls of identify {unknown}
 j - 2 scrolls of fog {unknown}
 l - a scroll of magic mapping {unknown}
 p - a scroll of random uselessness {unknown}
 q - a scroll of teleportation {unknown}
 r - 2 scrolls of enchant weapon {unknown}
 u - a scroll of immolation {unknown}
 v - a scroll of blinking {unknown}
 x - a scroll of remove curse {unknown}
Potions
 d - a potion of might
 g - a potion of agility {unknown}
 i - a potion of lignification {unknown}
 k - 5 potions of curing
 m - a potion of cancellation {unknown}
 n - a potion of berserk rage {unknown}
 s - 2 potions of degeneration {unknown}
 t - a potion of brilliance {unknown}
Comestibles
 f - 7 rations


   Skills:
 + Level 5.2 Fighting
 + Level 6.0 Axes
 + Level 5.4 Armour
 + Level 1.7 Dodging
 + Level 5.2 Shields


You had 6 spell levels left.
You didn't know any spells.
Your spell library was empty.

Dungeon Overview and Level Annotations

Branches:
Dungeon (5/15)             Temple (0/1) D:4

Altars:
Cheibriados
Kikubaaqudgha

Shops:
D:4 !


Innate Abilities, Weirdness & Mutations

You reflexively headbutt those who attack you in melee.
You have a pair of horns on your head.


Message History

The ogre shouts!
You see here a wand of polymorph (6).
An ogre is nearby!
An ogre is nearby!
An ogre is nearby!
You feel sick.
You feel sick.
You feel sick.
You slash the ogre! You headbutt the ogre.
The ogre is heavily wounded.
The ogre hits you with a +0 giant club!!
Ouch! That really hurt!
You barely miss the ogre. Your headbutt misses the ogre.
The ogre is heavily wounded.
You feel sick. You block the ogre's attack.
You hit the ogre. Your headbutt misses the ogre.
The ogre is severely wounded.
You feel sick.
The ogre hits you with a +0 giant club!!
You die...

##### #...
#########.####
#...>O@./.<†.#
#.#.########.#
#


You could see an ogre.

Vanquished Creatures
  Eustachio (D:4)
  A phantom (D:4)
  A howler monkey (D:4)
  A hound (D:4)
  2 orc wizards
  An iguana (D:4)
  A worker ant (D:5)
  7 adders
  An ooze (D:3)
  5 worms
  4 dart slugs
  10 orcs
  6 bats
  5 giant cockroaches
  A goblin (D:3)
  3 hobgoblins
  7 jackals
  5 kobolds
  3 quokkas
  A ball python (D:3)
  2 frilled lizards (D:3)
  A rat (D:1)
69 creatures vanquished.

Notes
Turn   | Place    | Note
-------+----------+-------------------------------------------
     0 | D:1      | dhn the Minotaur Fighter began the quest for the Orb.
     0 | D:1      | Reached XP level 1. HP: 19/19 MP: 0/0
   151 | D:1      | Reached XP level 2. HP: 24/27 MP: 1/1
   772 | D:2      | Reached XP level 3. HP: 29/33 MP: 2/2
   813 | D:2      | Found an ancient bone altar of Kikubaaqudgha.
  1032 | D:2      | Reached skill level 3 in Axes
  1170 | D:3      | Reached skill level 1 in Dodging
  1274 | D:3      | Reached XP level 4. HP: 41/41 MP: 3/3
  1304 | D:3      | Found a snail-covered altar of Cheibriados.
  1430 | D:3      | Found a faded altar of an unknown god.
  1466 | D:3      | Reached skill level 4 in Axes
  1466 | D:3      | Reached XP level 5. HP: 34/47 MP: 4/4
  1916 | D:4      | Noticed a phantom
  1978 | D:4      | Killed a phantom
  1978 | D:4      | Reached XP level 6. HP: 20/55 MP: 5/5
  2077 | D:4      | Found Leeress's Distillery.
  2091 | D:4      | Reached skill level 5 in Armour
  2094 | D:4      | Reached skill level 5 in Shields
  2117 | D:4      | Reached skill level 5 in Axes
  2213 | D:4      | Bought a potion of curing for 42 gold pieces
  2256 | D:4      | Noticed Eustachio
  2275 | D:4      | Killed Eustachio
  2275 | D:4      | Reached skill level 5 in Fighting
  2324 | D:4      | Reached XP level 7. HP: 61/61 MP: 6/6
  2450 | D:4      | Found a staircase to the Ecumenical Temple.
  2645 | D:5      | Entered Level 5 of the Dungeon
  2869 | D:5      | Reached skill level 6 in Axes
  2877 | D:5      | Slain by an ogre

Skill      XL: |  1  2  3  4  5  6  7 |
---------------+----------------------+-----
Shields        | 4 5 |  5.2
Fighting       | 4 5 |  5.2
Armour         | 4 5 |  5.4
Axes           | 3 4 5 6 |  6.0
Dodging        | 1 |  1.7

Action                   |  1- 3 |  4- 6 |  7- 9 || total
-------------------------+-------+-------+-------++-------
Melee: War axe           |    93 |   116 |    14 ||   223
       Headbutt          |    11 |    15 |     2 ||    28
  Eat: Chunk             |     1 |     3 |     2 ||     6
Armor: Scale mail        |    45 |    40 |     4 ||    89
Dodge: Dodged            |    32 |    33 |     8 ||    73
Block: Shield            |    63 |    60 |     9 ||   132
